 Dungeon Crawl Stone Soup version 0.16.2-12-gd0ad4c3 (webtiles) character file.

128 dearth the Cudgeler (level 4, -1/40 HPs)
             Began as a Minotaur Fighter on Feb 20, 2016.
             Slain by an orc priest
             ... wielding a +1 trident of flaming
              (4 damage)
             ... on level 3 of the Dungeon.
             The game lasted 00:05:08 (1793 turns).

dearth the Cudgeler (Minotaur Fighter)              Turns: 1793, Time: 00:05:08

Health: -1/40      AC:  9    Str: 27    XL:     4   Next: 86%
Magic:  2/2        EV:  7    Int:  5    God:
Gold:   122        SH: 10    Dex:  9    Spells: 0 memorised, 3 levels left

rFire  . . .     SeeInvis .     l - +1 mace (holy)
rCold  . . .     Clarity  .     b - +0 scale mail
rNeg   . . .     SustAb   .     c - +0 shield
rPois  .         Gourm    .     (helmet restricted)
rElec  .         Spirit   .     f - +0 cloak
rCorr  .         Warding  .     (no gloves)
rMut   .         Stasis   .     (no boots)
MR     .....                    (no amulet)
Stlth  ..........               (no ring)
                                j - +1 ring of protection

@: mighty, not resistant to hostile enchantments, extremely unstealthy
A: retaliatory headbutt, horns 2
a: no special abilities


You were on level 3 of the Dungeon.
You were not hungry.

You visited 1 branch of the dungeon, and saw 3 of its levels.

You collected 122 gold pieces.

Inventory:

Hand weapons
 a - a +0 flail
 l - a +1 mace of holy wrath (weapon)
Missiles
 r - 3 curare-tipped needles (quivered)
Armour
 b - a +0 scale mail (worn)
 c - a +0 shield (worn)
 f - a +0 cloak (worn)
Jewellery
 j - a +1 ring of protection (left hand)
Scrolls
 g - 2 scrolls of remove curse {unknown}
 h - a scroll of identify {unknown}
 i - 2 scrolls of enchant armour {unknown}
 m - a scroll of teleportation {unknown}
 n - a scroll of immolation {unknown}
 t - a scroll of blinking {unknown}
 w - a scroll of random uselessness {unknown}
Potions
 k - a potion of beneficial mutation {unknown}
 o - a potion of restore abilities {unknown}
 q - a potion of lignification {unknown}
 s - a potion of haste {unknown}
 u - a potion of heal wounds {unknown}
Comestibles
 d - 4 bread rations
 p - 2 meat rations
 v - a beef jerky


   Skills:
 + Level 4.3 Fighting
 * Level 4.6 Maces & Flails
 + Level 4.5 Armour
 + Level 4.1 Shields


You had 3 spell levels left.
You didn't know any spells.

Dungeon Overview and Level Annotations

Branches:
Dungeon (3/15)

Altars:
Elyvilon


Innate Abilities, Weirdness & Mutations

You reflexively headbutt those who attack you in melee.
You have a pair of horns on your head.


Message History

You block its attack.
You barely miss something. You headbutt something!
The hobgoblin barely misses you. You block its attack.
The orc priest closely misses you.
The orc priest hits you from afar with a trident of flaming!
* * * LOW HITPOINT WARNING * * *
The orc priest burns you.
* * * LOW HITPOINT WARNING * * *
The hobgoblin hits you with a club.
* * * LOW HITPOINT WARNING * * *
You thump something!
Reactivating autopickup.
You feel a bit more experienced. You block the hobgoblin's attack.
You block the orc priest's attack.
Things that are here:
a dagger; a robe; an orc corpse Unknown command.
You block the hobgoblin's attack.
The orc priest hits you from afar with a trident of flaming.
You die...

#o# #o###### #....[.#
#o####.# ### #.{........#
###### #oo#.....#.# #.....
#..........########## #.....
#..#.⌠.⌠.#o##)......####.....
..........og@.......'.†'.)...
#..#.....#r##.......#.##.....
#....._....##########.#######
#.....#.# ..) .......g. .....
.⌠.⌠ #.. ......# ... ...
.......# . #... ......# ...
...


You could see an orc priest, an orc, a hobgoblin and a rat.

Vanquished Creatures
  An orc wizard (D:3)
  3 adders (D:2)
  3 worms (D:2)
  A giant gecko (D:3)
  7 orcs (D:3)
  2 giant cockroaches
  4 goblins (D:1)
  4 hobgoblins
  3 jackals (D:2)
  9 kobolds
  2 quokkas
  3 ball pythons
  4 bats
  A giant newt (D:2)
  6 rats
53 creatures vanquished.

Notes
Turn   | Place    | Note
--------------------------------------------------------------
     0 | D:1      | dearth, the Minotaur Fighter, began the quest for the Orb.
     0 | D:1      | Reached XP level 1. HP: 19/19 MP: 1/1
   206 | D:1      | Reached XP level 2. HP: 24/27 MP: 1/1
   735 | D:2      | Reached skill level 4 in Armour
   736 | D:2      | Reached XP level 3. HP: 30/33 MP: 2/2
  1126 | D:2      | Reached XP level 4. HP: 40/40 MP: 2/2
  1768 | D:3      | Found a white marble altar of Elyvilon.
  1793 | D:3      | Slain by an orc priest

Action                   |  1- 3 |  4- 6 || total
-------------------------+-------+-------++-------
Melee: Flail             |    19 |       ||    19
       Mace              |    71 |    49 ||   120
  Use: Potion            |       |     1 ||     1
  Eat: Chunk             |     1 |       ||     1
       Bread ration      |       |     1 ||     1
